 Dungeon Sprint DCSS version 0.25-b1-37-g2669288c55 (webtiles) character file.

Game seed: 17308781055445245123

1100000 Groucho the Intangible (level 13, -3/59 HPs)
             Began as a Spriggan Abyssal Knight on June 6, 2020.
             Was a Follower of Makhleb.
             Slain by a meat berserker
             ... wielding a +9 battleaxe
              (37 damage)
             ... in the Dungeon (Sprint VIII: "Arena of Blood").
             The game lasted 00:00:40 (11 turns).

Groucho the Intangible (Spriggan Abyssal Knight)      Turns: 11, Time: 00:00:41

Health: -3/59      AC:  2    Str:  8    XL:     13   Next: 71%
Magic:  15/15      EV: 41    Int: 13    God:    Makhleb [*.....]
Gold:   0          SH:  0    Dex: 21    Spells: 12/12 levels left

rFire    . . .     SeeInvis +   (weapon restricted)
rCold    . . .     Gourm    .   (shield restricted)
rNeg     . . .     Faith    .   b - +0 robe
rPois    .         Spirit   .   (helmet restricted)
rElec    .         Reflect  .   (no cloak)
rCorr    .         Harm     .   (gloves unavailable)
MR       ++...     NoTele   +   (boots unavailable)
Stlth    ++........             (no amulet)
HPRegen  0.19/turn              (no ring)
MPRegen  0.14/turn              (no ring)

@: very quick
A: very small, unfitting armour, see invisible, herbivore, speed 3, slow
metabolism 2
a: Renounce Religion


You were in the Dungeon.
You worshipped Makhleb.
Makhleb was aware of your devotion.
You were not hungry.

You visited 1 branch

Inventory:

Hand Weapons
 a - a +1 mace
Armour
 b - a +0 robe (worn)
Scrolls
 i - a scroll of blinking
Potions
 d - a potion of curing
 e - a potion of heal wounds
 f - a potion of haste
 g - 2 potions of magic
 h - a potion of berserk rage
Comestibles
 c - a ration


   Skills:
 - Level 2.4 Fighting
 + Level 23.4 Axes
 - Level 1.3(15.0) Maces & Flails
 O Level 27 Dodging
 - Level 1.7 Invocations


You had 12 spell levels left.
You didn't know any spells.
Your spell library was empty.

Dungeon Overview and Level Annotations

Branches:
Dungeon (1/1)

Altars:
Makhleb


Innate Abilities, Weirdness & Mutations

You are very small and have problems with some larger weapons.
You are too small for most types of armour.
You have supernaturally acute eyesight. (SInv)
You are a herbivore.
You cover ground extremely quickly.
You need to consume almost no food.


Message History

Makhleb accepts your kill.
You can now gain health from killing.
Your Axes skill gained 3 levels and is now at level 23!
You hear a shout! x4
A bag of meat comes into view. It is wielding a +9 war axe.
You hear a shout! x6
The bag of meat hits you with a +9 war axe!!
You hear a shout! x3
The bag of meat moves out of view.
You hear a shout! x2
Unknown command.
Press < or > to pray at altars.
You are now empty-handed.
You drop the +∞ Axe of Woe.
You hear a shout!
The meat berserker completely misses you.
A meat berserker comes into view. It is wielding a +9 battleaxe.
You hear a shout!
The meat berserker rages.
The meat berserker hits you with a +9 battleaxe!!!
Ouch! That really hurt!
You die...

.. ..... #.
...# #.. ..o# .
.###O. ...###..
......###......
......_.....
#...)O# #_.<.@#
#...Oo#
......_.....
......###......
.###.. .O.###..
#.. ...# . #.
...# .. .....


You could see 4 meat berserkers and 2 bags of meat.

Vanquished Creatures
  An ogre (D)
  An orc (D)
2 creatures vanquished.

Notes
Turn   | Place    | Note
-------+----------+-------------------------------------------
     0 | D        | Found the +∞ Axe of Woe
     0 | D        | Groucho the Spriggan Abyssal Knight began the quest for the
                  | Orb.
     0 | D        | Reached XP level 1. HP: 11/11 MP: 3/3
     4 | D        | Fell from the grace of Lugonu
     4 | D        | Became a worshipper of Makhleb the Destroyer
     4 | D        | Noticed a bag of meat
     4 | D        | Noticed a bag of meat
     6 | D        | Noticed a meat berserker
     7 | D        | Noticed a meat berserker
     8 | D        | Noticed a bag of meat
     9 | D        | Noticed a bag of meat
    10 | D        | Noticed a meat berserker
    10 | D        | Noticed a meat berserker
    10 | D        | Killed a meat berserker
    10 | D        | Reached skill level 27 in Dodging
    10 | D        | Reached XP level 2. HP: 16/16 MP: 4/4
    10 | D        | Reached XP level 3. HP: 19/19 MP: 5/5
    10 | D        | Reached XP level 4. HP: 23/23 MP: 6/6
    10 | D        | Reached XP level 5. HP: 27/27 MP: 7/7
    10 | D        | Reached XP level 6. HP: 32/32 MP: 8/8
    10 | D        | Reached XP level 7. HP: 35/35 MP: 9/9
    10 | D        | Reached XP level 8. HP: 39/39 MP: 10/10
    10 | D        | Reached XP level 9. HP: 43/43 MP: 11/11
    10 | D        | Reached XP level 10. HP: 47/47 MP: 12/12
    10 | D        | Reached XP level 11. HP: 51/51 MP: 13/13
    10 | D        | Reached XP level 12. HP: 56/56 MP: 14/14
    10 | D        | Reached XP level 13. HP: 59/59 MP: 15/15
    10 | D        | Killed a bag of meat
    10 | D        | Reached * piety under Makhleb
    10 | D        | Noticed a bag of meat
    11 | D        | Noticed a meat berserker
    11 | D        | Slain by a meat berserker

Illustrated notes

Levels and vault maps discovered:
D:        meatsprint

Skill      XL: |  1  2  3  4  5  6  7  8  9 10 11 12 13 |
---------------+----------------------------------------+-----
Axes           | 20 23 | 23.4
Dodging        | 27 | 27.0
Fighting       | |  2.4
Maces & Flails | |  1.3
Invocations    | |  1.7

Action                   |  1- 3 |  4- 6 |  7- 9 | 10-12 | 13-15 || total
-------------------------+-------+-------+-------+-------+-------++-------
Melee: Broad axe         |     1 |       |       |       |       ||     1
Dodge: Dodged            |       |       |       |       |     1 ||     1
